 Dungeon Crawl Stone Soup version 0.29-a0-892-g2c4c91d9db (webtiles) character file.

Game seed: 6887422776585776774

119 BritishOli the Slasher (level 4, -4/35 HPs)
             Began as a Demonspawn Gladiator on July 22, 2022.
             Slain by Terence
             ... wielding a +2 short sword of holy wrath
              (5 damage)
             ... on level 2 of the Dungeon.
             The game lasted 00:01:21 (1621 turns).

BritishOli the Slasher (Demonspawn Gladiator)       Turns: 1621, Time: 00:01:23

Health: -4/35      AC:  3    Str: 16    XL:     4   Next: 74%
Magic:  4/4        EV: 13    Int:  9    God:
Gold:   67         SH:  0    Dex: 15    Spells: 3/3 levels left

rFire   . . .      SeeInvis .   a - +0 long sword
rCold   . . .      Faith    .   (no shield)
rNeg    . . .      Spirit   .   b - +0 leather armour
rPois   .          Reflect  .   (helmet restricted)
rElec   .          Harm     .   (no cloak)
rCorr   .          Rampage  .   (no gloves)
Will    .....                   (no boots)
Stlth   +.........              (no amulet)
HPRegen 0.11/turn               (no ring)
MPRegen 0.09/turn               (no ring)

@: no status effects
A: claws 1, hooves 1, horns 1
a: no special abilities


You were on level 2 of the Dungeon.
You visited 1 branch of the dungeon, and saw 2 of its levels.

You collected 67 gold pieces.

Inventory:

Hand Weapons
 a - a +0 long sword (weapon)
Missiles
 d - 3 throwing nets (quivered)
 e - a javelin
Armour
 b - a +0 leather armour (worn)
 c - a +0 helmet
Scrolls
 f - a scroll of vulnerability {unknown}
 i - a scroll of identify {unknown}
 l - a scroll of enchant weapon {unknown}
Potions
 g - a potion of ambrosia {unknown}
 h - a potion of brilliance {unknown}
 j - a potion of haste {unknown}
 k - a potion of flight {unknown}


   Skills:
 + Level 3.0 Fighting
 + Level 3.4 Long Blades
 - Level 2.0 Throwing
 + Level 1.4 Armour
 + Level 3.4 Dodging


You had 3 spell levels left.
You didn't know any spells.
Your spell library contained the following spells:

 Spells                   Type           Power      Damage    Failure   Level
 Apportation              Tloc           0%         N/A       45%         1
 Necrotise                Necr           0%         1d4       45%         1
 Summon Small Mammal      Summ           0%         N/A       45%         1


Dungeon Overview and Level Annotations

Branches:
Dungeon (2/15)

Altars:

Annotations:
D:2 Terence


Innate Abilities, Weirdness & Mutations

You have sharp fingernails.
You have large cloven feet.
You have a pair of small horns on your head.


Message History

Terence is nearby!
You hit Terence. You headbutt Terence, but do no damage.
Terence is lightly wounded.
Terence barely misses you.
Terence is nearby!
Terence is nearby!
You hit Terence. You headbutt Terence, but do no damage.
Terence is moderately wounded.
Terence closely misses you.
Terence is nearby!
You hit Terence but do no damage.
Terence is moderately wounded.
Terence hits you with a +2 short sword of holy wrath.
You convulse.
Terence hits you with a +2 short sword of holy wrath.
You convulse.
Terence is nearby!
Terence is nearby!
You hit Terence. You kick Terence, but do no damage.
You headbutt Terence, but do no damage.
Terence is heavily wounded.
Terence hits you with a +2 short sword of holy wrath.
You convulse.
Terence is nearby!
Terence is nearby!
You are too injured to fight recklessly!
Terence is nearby!
You hit Terence. Your headbutt misses Terence.
Terence is severely wounded.
Terence hits you with a +2 short sword of holy wrath.
* * * LOW HITPOINT WARNING * * *
You convulse.
* * * LOW HITPOINT WARNING * * *
You hit Terence.
Terence is severely wounded.
Terence says, "You're history."
Terence hits you with a +2 short sword of holy wrath.
* * * LOW HITPOINT WARNING * * *
You convulse.
You die...

....... .......
#######............
.....# ...........# #
####.###..........#.#
####..#...........#.
................... #
######)........... .#
...# ##....####.@##.#
.†.# #.#...###.@...#
...# ##...#...#....###
#.####..#####..........
#.......# ####........
##.....## ##..####.
##...#.##### ###
............
............
####........


You could see Terence.

Vanquished Creatures
  Natasha (thrice) (D:2)
  An adder (D:2)
  A dart slug (D:1)
  2 bats
  6 endoplasms
  2 giant cockroaches
  2 goblins
  2 hobgoblins (D:1)
  4 jackals (D:1)
  3 kobolds
  A quokka (D:2)
  4 ball pythons
  A frilled lizard (D:1)
32 creatures vanquished.

Notes
Turn   | Place    | Note
-------+----------+-------------------------------------------
     0 | D:1      | BritishOli the Demonspawn Gladiator began the quest for the
                  | Orb.
     0 | D:1      | Reached XP level 1. HP: 16/16 MP: 1/1
   169 | D:1      | Discovered your monstrous ancestry.
   169 | D:1      | Gained mutation: You have sharp fingernails. [demonic
                  | ancestry]
   169 | D:1      | Reached XP level 2. HP: 15/22 MP: 2/2
   538 | D:1      | Found a faded altar of an unknown god.
  1092 | D:2      | Gained mutation: You have a pair of small horns on your
                  | head. [demonic ancestry]
  1092 | D:2      | Reached XP level 3. HP: 12/28 MP: 3/3
  1100 | D:2      | Noticed Natasha
  1106 | D:2      | Killed Natasha
  1108 | D:2      | Noticed Natasha
  1121 | D:2      | Killed Natasha
  1122 | D:2      | Reached skill level 1 in Armour
  1122 | D:2      | Gained mutation: You have large cloven feet. [demonic
                  | ancestry]
  1122 | D:2      | Reached XP level 4. HP: 9/34 MP: 4/4
  1282 | D:2      | Noticed Natasha
  1296 | D:2      | Killed Natasha
  1587 | D:2      | Identified the +4 short sword "Orb Guardian's Bane"
                  | {antimagic, rF+++ rN+++ rCorr Str-4}
  1612 | D:2      | Noticed Terence
  1621 | D:2      | HP: 1/35 [Terence/+2 short sword of holy wrath (4)]
  1621 | D:2      | Slain by Terence

Illustrated notes

Levels and vault maps discovered:
D:1:      denvon_arrival_hothouse, layout_basic,
          hellmonk_ecumenical_altar_leap_of_faith
D:2:      layout_rooms, uniq_natasha, uniq_sigmund, uniq_terence

Skill      XL: |  1  2  3  4 |
---------------+-------------+-----
Throwing       | 2 |  2.0
Long Blades    | 3 |  3.4
Dodging        | 3 |  3.4
Armour         | 1 |  1.4
Fighting       | 3 |  3.0

Action                   |  1- 3 |  4- 6 || total
-------------------------+-------+-------++-------
Melee: Long sword        |    75 |    21 ||    96
       Punch             |     2 |       ||     2
       Headbutt          |     1 |     5 ||     6
       Kick              |       |     2 ||     2
 Stab: Sleeping          |     1 |       ||     1
Armor: Leather armour    |    31 |     6 ||    37
Dodge: Dodged            |    62 |    16 ||    78

Table legend: (Time is in decaauts)
 A = Elapsed time spent in this place.
 B = Non-inter-level travel time spent in this place.
 C = Inter-level travel time spent in this place.
 D = Time resting spent in this place.
 E = Time spent auto-exploring this place.
 F = Levels seen in this place.
 G = Mean time per level.
                   A        B        C        D        E       F      G
               +--------+--------+--------+--------+--------+-----+--------+
         Total |   1645 |   1625 |     20 |    723 |    659 |   2 |  822.5 |
       Dungeon |   1645 |   1625 |     20 |    723 |    659 |   2 |  822.5 |
               +--------+--------+--------+--------+--------+-----+--------+

Top non-repeatable levels by time:
     D:1: 945 daAuts
     D:2: 699 daAuts
